 Dungeon Crawl Stone Soup version 0.29-a0-82-g837932c90e (webtiles) character file.

Game seed: 15210919385899032384

87444 vineage the Warrior (level 15, -9/113 HPs)
             Began as a Gargoyle Fighter on Feb 3, 2022.
             Was the Champion of Okawaru.
             Killed by an exploding bloated husk (34 damage)
             ... on level 2 of the Swamp on Feb 4, 2022.
             The game lasted 00:33:15 (19061 turns).

vineage the Warrior (Gargoyle Fighter)             Turns: 19061, Time: 00:33:16

Health: -9/113     AC: 40    Str: 20    XL:     15   Next: 90%
Magic:  6/19       EV:  6    Int: 13    God:    Okawaru [******]
Gold:   1990       SH: 12    Dex: 15    Spells: 14/14 levels left

rFire   + + +      SeeInvis +   r - +2 morningstar
rCold   . . .      Faith    .   B - +0 kite shield
rNeg    + . .      Spirit   .   k - +7 plate armour "Uddiwierr" {rElec rPois Int+5 Stlth+}
rPois   ∞          Reflect  .   H - +1 helmet of the Thunderstorm {Rampage rF++ Str-3 Stlth+}
rElec   +          Harm     .   T - scarf {repulsion}
rCorr   .          Rampage  +   N - +3 Mad Mage's Maulers {Infuse+∞ RegenMP Int-3}
Will    +....                   y - +0 pair of boots of Sutzicleme {rElec Str+4 SInv}
Stlth   ..........              h - amulet of regeneration
HPRegen 1.88/turn               i - ring of see invisible
MPRegen 0.56/turn               a - ring of fire

@: corroded, on berserk cooldown, flying, slowed, repel missiles, very slow
A: sickness immunity, AC +11, big wings, negative energy resistance 1,
electricity resistance, torment resistance 1, petrification resistance, hooves
1, iridescent scales 1, cold resistance 1, regeneration 1
a: Renounce Religion, Heroism, Finesse, Duel


You were on level 2 of the Swamp.
You worshipped Okawaru.
Okawaru was exalted by your worship.
You visited 4 branches of the dungeon, and saw 19 of its levels.
You visited the Abyss 1 time.
You also visited: Gauntlet.

You collected 1990 gold pieces.

Inventory:

Hand Weapons
 r - a +2 morningstar (weapon)
Missiles
 g - 2 throwing nets (quivered)
Armour
 k - the +7 plate armour "Uddiwierr" (worn) {rElec rPois Int+5 Stlth+}
   (You found it on level 6 of the Lair of Beasts)

   Int:       It affects your intelligence (+5).
   rElec:     It insulates you from electricity.
   rPois:     It protects you from poison.
   Stlth:     It makes you more stealthy.
 y - the +0 pair of boots of Sutzicleme (worn) {rElec Str+4 SInv}
   (You found it on level 6 of the Dungeon)

   Str:       It affects your strength (+4).
   rElec:     It insulates you from electricity.
   SInv:      It lets you see invisible.
 B - a +0 kite shield (worn)
 H - the +1 helmet of the Thunderstorm (worn) {Rampage rF++ Str-3 Stlth+}
   (You found it in a Gauntlet)

   Str:       It affects your strength (-3).
   rF:        It greatly protects you from fire.
   Rampage:   It bestows one free step when moving towards enemies.
   Stlth:     It makes you more stealthy.
 J - the +1 ring mail of Slimy Amelioration {rF- rN+++ Str+3 Stlth-}
   (Okawaru gifted it to you on level 2 of the Lair of Beasts)

   Str:       It affects your strength (+3).
   rF:        It makes you vulnerable to fire.
   rN:        It renders you almost immune to negative energy.
   Stlth:     It makes you less stealthy.
 M - the +0 hat of Syndicalism {SInv Stlth+}
   (Okawaru gifted it to you on level 3 of the Lair of Beasts)

   SInv:      It lets you see invisible.
   Stlth:     It makes you more stealthy.
 N - the +3 Mad Mage's Maulers (worn) {Infuse+∞ RegenMP Int-3}
   (You found it on level 4 of the Lair of Beasts)

   It empowers its wearer's blows with all of their magic.
   It causes its wearer's magical reserves to regenerate more quickly.
   Int:       It affects your intelligence (-3).
 T - a scarf of repulsion (worn)
Jewellery
 a - a ring of fire (right hand)
 b - a ring of protection from fire
 h - an amulet of regeneration (around neck)
 i - a ring of see invisible (left hand)
 l - a ring of resist corrosion
 t - an amulet of the acrobat
 v - a ring of magical power
 C - a ring of fire
 R - a ring of positive energy
 S - an amulet of guardian spirit
 V - the ring "Etriov" {Ice rElec Will+ Dex-3 Stlth+}
   (You found it on level 6 of the Lair of Beasts)

   [ring of ice]

   It enhances your ice magic.
   Dex:       It affects your dexterity (-3).
   rF:        It makes you vulnerable to fire.
   rC:        It protects you from cold.
   rElec:     It insulates you from electricity.
   Will:      It increases your willpower.
   Stlth:     It makes you more stealthy.
Wands
 p - a wand of flame (7)
 u - a wand of digging (10)
 z - a wand of mindburst (10)
 G - a wand of iceblast (14)
 I - a wand of paralysis (10)
 O - a wand of acid (5)
 Q - a wand of polymorph (4)
Scrolls
 e - 4 scrolls of enchant armour
 n - a scroll of blinking
 x - 5 scrolls of teleportation
 A - 15 scrolls of identify
 D - a scroll of fog
 E - a scroll of fear
 F - a scroll of immolation
 P - 2 scrolls of enchant weapon
Potions
 c - a potion of lignification
 d - 2 potions of haste
 f - a potion of mutation
 j - a potion of curing
 m - 2 potions of magic
 o - 2 potions of might
 q - 3 potions of brilliance
 s - 4 potions of cancellation
 w - 6 potions of attraction
 L - 2 potions of ambrosia
 U - 2 potions of heal wounds


   Skills:
 * Level 20.3 Fighting
 + Level 13.6 Maces & Flails
 + Level 12.1 Armour
 + Level 12.1 Shields
 - Level 6.4 Invocations


You had 14 spell levels left.
You didn't know any spells.
Your spell library contained the following spells:

 Spells                   Type           Power      Damage    Failure   Level
 Beastly Appendage        Tmut           0%         N/A       100%        1
 Pain                     Necr           0%         1d4       100%        1
 Scorch                   Fire           0%         2d5       100%        2
 Static Discharge         Conj/Air       0%         N/A       100%        2
 Wereblood                Tmut           0%         N/A       100%        2
 Portal Projectile        Hex/Tloc       0%         N/A       100%        3
 Spider Form              Tmut/Pois      0%         N/A       100%        3
 Flame Wave               Conj/Fire      0%         2d4       100%        4
 Leda's Liquefaction      Hex/Erth       0%         N/A       100%        4
 Agony                    Necr           0%         N/A       100%        5
 Excruciating Wounds      Necr           0%         N/A       100%        5
 Fireball                 Conj/Fire      0%         3d3       100%        5
 Iskenderun's Battlesphe  Conj           0%         2d6       100%        5
 Lightning Bolt           Conj/Air       0%         1d11      100%        5
 Conjure Ball Lightning   Conj/Air       0%         3x3d6     100%        6
 Orb of Destruction       Conj           0%         9d5       100%        7
 Maxwell's Capacitive Co  Air            0%         ∞         100%        8
 Call Canine Familiar     Summ           Unusable   N/A       N/A         3
 Summon Cactus Giant      Summ           Unusable   N/A       N/A         6

Dungeon Overview and Level Annotations

Branches:
Dungeon (10/15)            Temple (1/1) D:4            Lair (6/6) D:10
  Swamp (2/4) Lair:2       Spider (0/4) Lair:2        Slime (0/5) Lair:6
Gauntlet (visited)
    Orc: D:9-12

Altars:
Ashenzari
Cheibriados
Dithmenos
Elyvilon
Fedhas
Gozag
Hepliaklqana
Kikubaaqudgha
Makhleb
Nemelex Xobeh
Okawaru
Qazlal
Ru
Sif Muna
Trog
Uskayaw
Vehumet
Wu Jian
Xom
Yredelemnul
Zin
The Shining One

Shops:
D:3 (

Portals:
Hell: Lair:6


Innate Abilities, Weirdness & Mutations

You are immune to sickness and miasma.
Your stone body is resilient. (AC +11)
You are immune to poison.
Your large and strong wings let you fly.
You resist negative energy. (rN+)
You are resistant to electric shocks. (rElec)
You are resistant to unholy torment.
You are immune to petrification.
You have large cloven feet.
You are partially covered in iridescent scales. (AC +2)
Your flesh is cold resistant. (rC+)
Your natural rate of healing is unusually fast.


Message History

You feel better.
You block the vampire mosquito's attack.
The goliath frog hits you but does no damage.
You block the vampire mosquito's attack.
The goliath frog hits you but does no damage.
The bunyip howls a warning cry!
The goliath frog hits you from afar!
You are splashed with acid!
The vampire mosquito bites you but does no damage.
The goliath frog hits you but does no damage.
You puncture the vampire mosquito!
The vampire mosquito is heavily damaged.
The vampire mosquito barely misses you.
The goliath frog hits you but does no damage.
You block the vampire mosquito's attack.
The goliath frog hits you but does no damage. x2
You hit the bunyip.
The bunyip is lightly wounded.
The goliath frog hits you from afar.
You are splashed with acid!
* * * LOW HITPOINT WARNING * * *
The goliath frog hits you but does no damage.
You block the vampire mosquito's attack.
The goliath frog barely misses you. You block the bunyip's attack.
The bunyip claws you.
* * * LOW HITPOINT WARNING * * *
The bunyip claws you!
* * * LOW HITPOINT WARNING * * *
Blink to where?
Press: ? - help, Dir - move target
As you read the scroll of blinking, it crumbles to dust.
The vampire mosquito bites you but does no damage.
The vampire mosquito barely misses you.
You block the vampire mosquito's attack.
The vampire mosquito bites you!
* * * LOW HITPOINT WARNING * * *
The vampire mosquito bites you but does no damage.
The goliath frog hits you but does no damage.
The vampire mosquito bites you but does no damage. x2
The bloated husk explodes!
The blast of putrescent gases engulfs you!!
You die...

♣...♣♣ ♣♣♣ ♣♣♣♣♣♣ ♣♣♣♣♣♣♣
♣♣≈≈≈.♣♣♣♣≈♣♣♣≈.≈.♣♣♣..≈.≈♣
♣≈≈≈≈.≈♣..§.♣...≈.≈≈...≈.≈♣♣♣
♣♣....>..≈≈.≈.....†≈≈†....≈.♣
♣♣♣..<.≈≈≈...≈≈≈[.≈>♣...≈≈≈♣
♣♣...≈≈§...§§≈≈≈≈♣♣......♣
♣.≈≈≈≈≈≈.≈≈≈≈.≈♣♣♣....≈.♣
♣♣≈≈≈≈≈≈≈.≈≈≈≈≈♣♣♣§..≈≈≈.♣
♣.≈§≈≈≈≈≈§@yF≈≈♣♣♣≈.≈≈≈.♣♣
♣.≈≈≈≈≈≈≈.♣♣♣≈.≈♣♣.≈≈≈§§♣ .
♣.≈§≈≈≈≈§.♣♣..y≈♣♣.≈≈≈x♣♣x.
♣.≈≈≈≈≈§.≈♣♣.≈≈x≈.≈≈≈≈.F≈♣
♣♣..≈≈§≈.♣ ♣.≈≈≈.≈≈≈≈./≈.≈♣
♣♣.≈≈≈..♣ ♣♣♣..≈♣♣♣♣≈≈≈.♣≈
♣.≈≈≈≈≈♣ ..♣♣♣♣♣ ♣≈.≈♣♣♣
♣♣♣♣♣.≈≈≈≈≈##..♣♣ ♣♣♣♣≈♣
♣..♣♣...≈....#..♣ .≈.


You could see a goliath frog and a vampire mosquito.

Vanquished Creatures
  A fenstrider witch (Swamp:2)
  Nessos (Lair:5)
  5 bunyips
  An eleionoma (Swamp:1)
  An entropy weaver (Gauntlet)
  A minotaur (Gauntlet)
  Josephine (Lair:3)
  A boulder beetle (Lair:5)
  15 hydras
  A spriggan air mage (Swamp:1)
  Erolcha (D:9)
  A hell beast (Gauntlet)
  An anaconda (Lair:6)
  2 two-headed ogres
  9 death yaks
  6 alligators
  Urug (Lair:3)
  The ghost of ma3 the Changer, a novice OpTm of Gozag (D:8)
  A wretched star (Lair:6)
  A fire crab (Lair:6)
  A sun demon (Lair:6)
  2 sixfirhies
  2 goliath frogs (Swamp:1)
  2 spriggan druids (Swamp:1)
  A wizard (Lair:6)
  3 bog bodies
  2 manticores
  16 elephants
  10 black mambas
  5 torpor snails
  An orange demon (Lair:6)
  11 cane toads
  22 rime drakes
  4 ice devils (Lair:6)
  8 komodo dragons
  2 kobold demonologists
  A hellwing (Lair:6)
  7 hornets
  4 tyrant leeches (Swamp:1)
  A troll (D:10)
  A queen bee (Lair:3)
  4 polar bears
  5 blink frogs (Lair:1)
  A dream sheep (Lair:6)
  4 spriggans
  A jumping spider (Gauntlet)
  16 wyverns
  6 wraiths
  32 yaks
  11 basilisks
  2 steam dragons
  A redback (Gauntlet)
  7 vampire mosquitoes
  7 swamp worms
  22 water moccasins
  5 hell hounds
  A black bear (D:5)
  A hornet zombie (D:5)
  3 orc warriors
  2 sky beasts
  A necrophage (D:4)
  2 ogres
  15 wolves
  3 centaurs
  2 phantoms (D:6)
  6 kobold brigands
  11 bullfrogs
  A wyvern zombie (D:7)
  A gnoll sergeant (D:9)
  4 scorpions
  A water moccasin skeleton (D:5)
  12 wights
  19 killer bees (Lair:3)
  5 howler monkeys
  2 centaur zombies
  2 jellies
  A bullfrog skeleton (D:6)
  4 orc priests
  A hound (D:3)
  Crazy Yiuf (D:7)
  2 gnoll shamans
  3 iguanas
  Ijyb (D:3)
  6 orc wizards
  16 hell rats
  A killer bee zombie (D:4)
  A hound skeleton (D:4)
  Robin (D:2)
  18 gnolls
  7 adders
  A shadow imp (D:5)
  A white imp (D:6)
  An ufetubus (D:6)
  A worm (D:3)
  24 orcs
  13 ball pythons
  4 bats (D:1)
  8 endoplasms
  5 giant cockroaches
  7 hobgoblins
  7 jackals
  3 quokkas (D:1)
  6 frilled lizards
  15 goblins
  28 kobolds
  8 rats
571 creatures vanquished.

Vanquished Creatures (others)
  3 bloated husks
  2 vampire mosquitoes (Swamp:1)
  An orc wizard (D:9)
  62 fungi
  35 plants
  4 toadstools (D:1)
107 creatures vanquished.

Grand Total: 678 creatures vanquished

Notes
Turn   | Place    | Note
-------+----------+-------------------------------------------
     0 | D:1      | vineage the Gargoyle Fighter began the quest for the Orb.
     0 | D:1      | Reached XP level 1. HP: 14/14 MP: 1/1
    27 | D:1      | Reached XP level 2. HP: 13/20 MP: 2/2
   233 | D:1      | Reached skill level 4 in Fighting
   242 | D:1      | Reached XP level 3. HP: 11/24 MP: 3/3
  1121 | D:2      | Reached XP level 4. HP: 18/30 MP: 4/4
  1317 | D:2      | Noticed Robin
  1348 | D:2      | Killed Robin
  1349 | D:2      | Reached skill level 5 in Fighting
  1584 | D:2      | You fall into a shaft and drop 1 floor!
  1739 | D:3      | Noticed Ijyb
  1750 | D:3      | Killed Ijyb
  1751 | D:3      | Reached XP level 5. HP: 33/35 MP: 5/5
  1884 | D:3      | Found a shimmering altar of Xom.
  2017 | D:2      | Found an opulent altar of Gozag.
  2305 | D:3      | Reached skill level 6 in Fighting
  2339 | D:3      | Found Ykim's Weapon Shop.
  2507 | D:3      | Identified the +2 robe "Xotokk" {rElec rN+ Str-5 Dex+6}
  2924 | D:4      | Noticed an ogre
  2939 | D:4      | Killed an ogre
  2940 | D:4      | Reached XP level 6. HP: 17/42 MP: 6/6
  3115 | D:4      | Found a staircase to the Ecumenical Temple.
  3125 | Temple   | Entered the Ecumenical Temple
  3336 | Temple   | Became a worshipper of Warmaster Okawaru
  3447 | D:4      | Noticed a necrophage
  3459 | D:4      | Killed a necrophage
  3460 | D:4      | Reached skill level 7 in Fighting
  3460 | D:4      | Reached XP level 7. HP: 46/48 MP: 7/7
  3470 | D:4      | Identified a scroll of acquirement
  3470 | D:4      | Acquired 297 gold pieces
  3862 | D:4      | Found a bloodstained altar of Trog.
  4070 | D:5      | Entered Level 5 of the Dungeon
  4130 | D:5      | Found a white marble altar of Elyvilon.
  4236 | D:5      | Reached skill level 8 in Fighting
  4236 | D:5      | Reached skill level 5 in Maces & Flails
  4266 | D:5      | Reached * piety under Okawaru
  4295 | D:5      | Gained mutation: You sometimes lose the ability to read
                  | scrolls when taking damage. [potion of mutation]
  4324 | D:5      | Reached XP level 8. HP: 49/55 MP: 8/8
  4357 | D:5      | Found a burning altar of Makhleb.
  4365 | D:5      | Found a radiant altar of Vehumet.
  4436 | D:5      | Reached skill level 9 in Fighting
  4842 | D:6      | Reached ** piety under Okawaru
  5029 | D:6      | Reached skill level 10 in Fighting
  5225 | D:6      | Lost mutation: You sometimes lose the ability to read
                  | scrolls when taking damage. [potion of mutation]
  5225 | D:6      | Gained mutation: Your flesh is cold resistant. (rC+)
                  | [potion of mutation]
  5225 | D:6      | Gained mutation: You are partially covered in iridescent
                  | scales. (AC +2) [potion of mutation]
  5225 | D:6      | Gained mutation: You have large cloven feet. [potion of
                  | mutation]
  5225 | D:6      | Gained mutation: Your natural rate of healing is unusually
                  | fast. [potion of mutation]
  5321 | D:6      | Reached XP level 9. HP: 63/63 MP: 9/9
  5447 | D:6      | Identified the +0 pair of boots of Sutzicleme {rElec Str+4
                  | SInv}
  5538 | D:7      | Reached *** piety under Okawaru
  5555 | D:7      | Reached skill level 11 in Fighting
  5768 | D:7      | Found a hazy altar of Hepliaklqana.
  5769 | D:7      | Found a faded altar of an unknown god.
  5952 | D:7      | Reached skill level 12 in Fighting
  5963 | D:7      | Found a stormy altar of Qazlal.
  6143 | D:7      | Found a runed translucent door.
  6144 | D:7      | Noticed Crazy Yiuf
  6149 | D:7      | Killed Crazy Yiuf
  6221 | D:8      | Reached **** piety under Okawaru
  6298 | D:8      | Noticed ma3's ghost (novice OpTm)
  6301 | D:8      | Found a runed translucent door.
  6710 | D:8      | Reached XP level 10. HP: 72/72 MP: 10/10
  7014 | D:8      | Killed ma3's ghost
  7014 | D:8      | Reached ***** piety under Okawaru
  7015 | D:8      | Reached skill level 13 in Fighting
  7093 | D:9      | Identified the -5 buckler of the Crown {Str+2 Dex+4}
                  | (Okawaru gifted it to you on level 9 of the Dungeon)
  7093 | D:9      | Received a gift from Okawaru
  7176 | D:9      | Found a snail-covered altar of Cheibriados.
  7190 | D:9      | Noticed Erolcha
  7204 | D:9      | Killed Erolcha
  7205 | D:9      | Reached skill level 1 in Invocations
  7301 | D:9      | Found a shimmering blue altar of Sif Muna.
  7304 | D:9      | Found a glowing silver altar of Zin.
  7304 | D:9      | Found a blossoming altar of Fedhas.
  7352 | D:9      | Noticed a two-headed ogre
  7363 | D:9      | Killed a two-headed ogre
  7581 | D:10     | Entered Level 10 of the Dungeon
  7660 | D:10     | Noticed a kobold demonologist
  7661 | D:10     | Noticed a kobold demonologist
  7665 | D:10     | Noticed a sixfirhy
  7669 | D:10     | Noticed a sixfirhy
  7689 | D:10     | Noticed a sun demon
  7689 | D:10     | Noticed an orange demon
  7694 | D:9      | Killed a kobold demonologist
  7704 | D:10     | Killed a kobold demonologist
  7705 | D:10     | Reached skill level 14 in Fighting
  7705 | D:10     | Reached XP level 11. HP: 80/80 MP: 13/13
  7840 | D:10     | Reached skill level 5 in Shields
  7868 | D:10     | Found a staircase to the Lair.
  7887 | D:10     | Reached skill level 5 in Armour
  8198 | D:10     | Noticed a two-headed ogre
  8208 | D:10     | Killed a two-headed ogre
  8219 | D:10     | Identified the +1 trident "Xucsouss" {vorpal, Fly Dex+4}
  8540 | Lair:1   | Entered Level 1 of the Lair of Beasts
  8918 | Lair:1   | You fall into a shaft and drop 1 floor!
  8972 | Lair:2   | Found a hole to the Spider Nest.
  9018 | Lair:2   | Noticed a death yak
  9018 | Lair:2   | Noticed a death yak
  9076 | Lair:2   | Found a staircase to the Swamp.
  9077 | Lair:2   | Noticed a bog body
  9077 | Lair:2   | Noticed a bog body
  9085 | Lair:2   | Noticed a five-headed hydra
  9097 | Lair:2   | Killed a five-headed hydra
  9101 | Lair:2   | Killed a bog body
  9101 | Lair:2   | Identified the +1 ring mail of Slimy Amelioration {rF-
                  | rN+++ Str+3 Stlth-} (Okawaru gifted it to you on level 2 of
                  | the Lair of Beasts)
  9101 | Lair:2   | Received a gift from Okawaru
  9109 | Lair:2   | Killed a bog body
  9110 | Lair:2   | Reached skill level 15 in Fighting
  9163 | Lair:2   | Noticed a six-headed hydra
  9174 | Lair:2   | Reached skill level 5 in Invocations
  9177 | Lair:2   | Killed a six-headed hydra
  9178 | Lair:2   | Reached skill level 10 in Maces & Flails
  9222 | Lair:2   | Reached XP level 12. HP: 88/88 MP: 15/15
  9801 | Lair:2   | Noticed a death yak
  9801 | Lair:2   | Noticed a death yak
  9801 | Lair:2   | Noticed a death yak
  9814 | Lair:2   | Noticed a death yak
  9819 | Lair:2   | Killed a death yak
  9829 | Lair:2   | Killed a death yak
  9844 | Lair:2   | Killed a death yak
  9856 | Lair:2   | Killed a death yak
  9868 | Lair:2   | Killed a death yak
  9872 | Lair:2   | Killed a death yak
 10210 | Lair:3   | Noticed Urug
 10252 | Lair:3   | Killed Urug
 10252 | Lair:3   | Received a gift from Okawaru
 10253 | Lair:3   | Reached skill level 16 in Fighting
 10804 | Lair:3   | Reached ****** piety under Okawaru
 11035 | Lair:4   | Noticed Josephine
 11049 | Lair:3   | Killed Josephine
 11049 | Lair:3   | Identified the +0 hat of Syndicalism {SInv Stlth+} (Okawaru
                  | gifted it to you on level 3 of the Lair of Beasts)
 11049 | Lair:3   | Received a gift from Okawaru
 11050 | Lair:3   | Reached XP level 13. HP: 95/95 MP: 15/17
 11584 | Lair:4   | Found the +3 Mad Mage's Maulers {Infuse+∞ RegenMP Int-3}
 11647 | Lair:4   | Reached skill level 17 in Fighting
 11812 | Lair:4   | Identified the +6 rapier of Spores {vamp, rPois}
 12109 | Lair:4   | Found a snail-covered altar of Cheibriados.
 12919 | Lair:5   | HP: 2/144 [rime drake/flash freeze (18)]
 12932 | Lair:5   | HP: 5/145 [elephant (10)]
 13002 | Lair:5   | Found a gate leading to a gauntlet.
 13023 | Gauntlet | Entered a Gauntlet
 13023 | Gauntlet | Found a transporter.
 13026 | Gauntlet | Found a transporter.
 13027 | Gauntlet | Found a transporter.
 13031 | Gauntlet | Found a transporter.
 13032 | Gauntlet | Found a transporter.
 13038 | Gauntlet | Found a transporter.
 13048 | Gauntlet | Found a transporter.
 13057 | Gauntlet | Found a transporter.
 13115 | Gauntlet | Noticed a dire elephant
 13118 | Gauntlet | Found a transporter.
 13119 | Gauntlet | Found a transporter.
 13123 | Gauntlet | Found a transporter.
 13130 | Gauntlet | Noticed an entropy weaver
 13133 | Gauntlet | Found a transporter.
 13341 | Gauntlet | Identified the +1 helmet of the Thunderstorm {Rampage rF++
                  | Str-3 Stlth+}
 13393 | Gauntlet | Killed an entropy weaver
 13457 | Gauntlet | Noticed a minotaur
 13467 | Gauntlet | Killed a minotaur
 13468 | Gauntlet | Gained mutation: Your large and strong wings let you fly.
                  | [Gargoyle growth]
 13468 | Gauntlet | Reached XP level 14. HP: 25/103 MP: 1/18
 13589 | Lair:5   | Reached skill level 18 in Fighting
 14014 | Lair:5   | Received a gift from Okawaru
 14144 | Lair:5   | Noticed Nessos
 14156 | Lair:5   | Killed Nessos
 14157 | Lair:5   | Reached skill level 10 in Shields
 14173 | Lair:5   | Reached skill level 10 in Armour
 14879 | Lair:6   | Entered Level 6 of the Lair of Beasts
 15476 | Lair:6   | Found a staircase to the Slime Pits.
 15797 | Lair:6   | Identified the ring "Etriov" {Ice rElec Will+ Dex-3 Stlth+}
 15908 | Lair:6   | Received a gift from Okawaru
 15909 | Lair:6   | Reached skill level 19 in Fighting
 15941 | Lair:6   | Received a gift from Okawaru
 16101 | Lair:6   | Reached XP level 15. HP: 102/111 MP: 0/19
 16410 | Lair:6   | Identified the +4 scale mail "Dughiek" {Rampage Drain
                  | Will+}
 16411 | Lair:6   | Identified the +7 plate armour "Uddiwierr" {rElec rPois
                  | Int+5 Stlth+}
 16746 | Lair:6   | Found a burning altar of Makhleb.
 16748 | Lair:6   | Cast into level 2 of the Abyss (a wizard)
 16826 | Abyss:2  | Upgraded the game from 0.29-a0-72-g1732ff48e7 to
                  | 0.29-a0-82-g837932c90e
 16838 | Lair:6   | Escaped the Abyss
 17221 | Lair:6   | Found a gateway to Hell.
 17566 | Swamp:1  | Entered Level 1 of the Swamp
 17657 | Swamp:1  | Received a gift from Okawaru
 18135 | Swamp:1  | Reached skill level 20 in Fighting
 18373 | Swamp:1  | Received a gift from Okawaru
 19030 | Swamp:2  | Noticed a fenstrider witch
 19041 | Swamp:2  | Paralysed by a fenstrider witch for 4 turns
 19046 | Swamp:2  | Killed a fenstrider witch
 19061 | Swamp:2  | Killed by an exploding bloated husk

Illustrated notes

Levels and vault maps discovered:
D:1:      ldierk_water_garden, layout_rooms, chequers_serial_rivers_micro_c,
          nrook_mini_vaults, minmay_unequal
D:2:      layout_rooms, basic_altar, hangedman_decor_push, uniq_robin
D:3:      layout_loops_ring, nicolae_overflow_hidden_temple, serial_shops,
          nicolae_shop_bloodbath_and_beyond, hangedman_feature_mirror,
          grunt_ministairs_1, uniq_ijyb
D:4:      layout_basic, overflow_temple_1_default, minmay_temple_entry_waves,
          serial_bayou_lagoon_a
D:5:      layout_rooms, elyvilon_altar_3, mainiacjoe_overflow_chevrons,
          vehumet_crystals
D:6:      layout_basic, nicolae_zen_rock_garden, grunt_ministairs_14
D:7:      layout_basic, beargit_hepliaklqana_dungeon_heroes,
          mainiacjoe_overflow_concentric_impassable, uniq_crazy_yiuf_cottage
D:8:      layout_basic, hellmonk_ghost_happy_afterlife
D:9:      layout_roguey, gammafunk_temple_overflow_forgotten,
          cheibriados_altar_1, uniq_erolcha
D:10:     layout_cave_pods, dpeg_oklobed_lair
Temple:   minmay_temple_curvy_loop
Lair:1:   layout_roguey
Lair:2:   layout_roguey, skrybe_swamp_entry_bodies, dummy_spider_entry,
          chequers_serial_rivers_marsh, grunt_megastairs_4,
          infiniplex_staircase_pool
Lair:3:   layout_roguey, special_room [special_room_bee], serial_bayou_shore_b,
          uniq_urug
Lair:4:   layout_roguey [special_room_mythical_zoo], kennysheep_snail_temple,
          uniq_josephine
Lair:5:   layout_gridlike, gauntlet_entry_generic, serial_rivers,
          chequers_serial_rivers_large_a, chequers_serial_rivers_room_a,
          chequers_serial_rivers_small_a, chequers_serial_rivers_small_3,
          chequers_serial_rivers_micro_c, special_room
          [special_room_mythical_zoo], minmay_lair_drake_nest,
          grunt_megastairs_5, uniq_nessos
Lair:6:   evil_forest, layout_cave_pods, nicolae_slime_entry_slimehenge,
          nicolae_lair_lakeside_cave
Swamp:1:  layout_basic_swamp, nicolae_swamp_fairy_circle, swamp_pool1,
          nicolae_swamp_little_swirl
Swamp:2:  layout_basic_swamp, evilmike_swamp_ruin_house_2

Skill      XL: |  1  2  3  4  5  6  7  8  9 10 11 12 13 14 15 |
---------------+----------------------------------------------+-----
Fighting       | 4 5 6 7 8 10 12 14 15 16 17 19 20 | 20.3
Maces & Flails | 3 4 5 6 8 9 10 11 12 13 | 13.6
Invocations    | 3 5 6 |  6.4
Shields        | 4 6 8 9 11 12 | 12.1
Armour         | 4 6 8 9 11 12 | 12.1

Action                   |  1- 3 |  4- 6 |  7- 9 | 10-12 | 13-15 || total
-------------------------+-------+-------+-------+-------+-------++-------
Melee: Flail             |   110 |   197 |   159 |       |       ||   466
       Unarmed           |       |     9 |       |       |       ||     9
       Whip              |       |       |   104 |       |       ||   104
       Morningstar       |       |       |   209 |   657 |  1340 ||  2206
       Kick              |       |       |     8 |       |       ||     8
Invok: Heroism           |       |       |       |    10 |    14 ||    24
       Finesse           |       |       |       |       |     2 ||     2
  Use: Scroll            |     5 |     1 |    11 |     6 |     8 ||    31
       Potion            |       |     4 |     2 |       |    13 ||    19
Armor: Scale mail        |    85 |    85 |       |       |       ||   170
       Skin              |       |     2 |       |       |    62 ||    64
       Plate armour      |       |    57 |   404 |   274 |    75 ||   810
       Ring mail         |       |       |       |   170 |   823 ||   993
Dodge: Dodged            |    83 |   102 |   120 |   231 |   525 ||  1061
       Repelled          |       |       |       |       |     3 ||     3
Block: Buckler           |    30 |    65 |   122 |       |       ||   217
       Kite shield       |       |       |    45 |   393 |   938 ||  1376

Table legend: (Time is in decaauts)
 A = Elapsed time spent in this place.
 B = Non-inter-level travel time spent in this place.
 C = Inter-level travel time spent in this place.
 D = Time resting spent in this place.
 E = Time spent auto-exploring this place.
 F = Levels seen in this place.
 G = Mean time per level.
                   A        B        C        D        E       F      G
               +--------+--------+--------+--------+--------+-----+--------+
         Total |  19400 |  18349 |   1051 |   1099 |  12210 |  21 |  923.8 |
       Dungeon |   8493 |   8063 |    430 |    124 |   5921 |  10 |  849.3 |
        Temple |    246 |    199 |     47 |      0 |    195 |   1 |  246.0 |
          Lair |   8543 |   8001 |    542 |    823 |   4934 |   6 | 1423.8 |
         Swamp |   1498 |   1467 |     31 |     92 |    984 |   2 |  749.0 |
         Abyss |     89 |     89 |      0 |      0 |      0 |   1 |   89.0 |
      Gauntlet |    528 |    528 |      0 |     60 |    175 |   1 |  528.0 |
               +--------+--------+--------+--------+--------+-----+--------+

Top non-repeatable levels by time:
  Lair:6: 2531 daAuts
  Lair:4: 1641 daAuts
  Lair:5: 1492 daAuts
 Swamp:1: 1240 daAuts
  Lair:3: 1158 daAuts
     D:1: 1129 daAuts
     D:3: 1030 daAuts
    D:10: 959 daAuts
     D:4: 922 daAuts
  Lair:2: 884 daAuts
     D:8: 865 daAuts
     D:2: 841 daAuts
  Lair:1: 835 daAuts
     D:6: 812 daAuts
     D:5: 681 daAuts
